 Dungeon Crawl Stone Soup version 0.21.1-1-g345015f (webtiles) character file.

320 KristoblXynda the Ruffian (level 6, -2/53 HPs)
             Began as a Troll Wizard on May 8, 2018.
             Killed from afar by Ijyb (10 damage)
             ... with a wand of acid (4)
             ... on level 3 of the Dungeon.
             The game lasted 00:06:07 (2613 turns).

KristoblXynda the Ruffian (Troll Wizard)            Turns: 2613, Time: 00:06:08

Health: -2/53      AC:  2    Str: 16    XL:     6   Next: 22%
Magic:  8/8        EV:  9    Int: 16    God:
Gold:   126        SH:  0    Dex:  8    Spells: 5/9 levels left

rFire    . . .     SeeInvis .     - Unarmed
rCold    . . .     Gourm    +   (no shield)
rNeg     . . .     Faith    .   a - +0 robe
rPois    .         Spirit   .   b - +0 hat
rElec    .         Reflect  .   n - +0 cloak
rCorr    .         Harm     .   (gloves unavailable)
MR       .....                  (boots unavailable)
Stlth    +.........             (no amulet)
HPRegen  0.57/turn              (no ring)
MPRegen  0.11/turn              (no ring)

@: corroded
A: large, unfitting armour, claws 3, fast metabolism 3, gourmand, regeneration
1, shaggy fur 1, tough skin 2
a: no special abilities


You were on level 3 of the Dungeon.
You were full.

You visited 1 branch of the dungeon, and saw 3 of its levels.

You collected 126 gold pieces.

Inventory:

Armour
 a - a +0 robe (worn)
 b - a +0 hat (worn)
 n - a +0 cloak (worn)
 o - a scarf of cloud immunity
Scrolls
 e - a scroll of fear {unknown}
 f - a scroll of teleportation
 h - a scroll of blinking {unknown}
 i - a scroll of remove curse
 j - 2 scrolls of enchant weapon
 k - a scroll of identify {unknown}
 l - a scroll of immolation {unknown}
Books
 c - a book of Minor Magic

   Spells                             Type                      Level
   a - Magic Dart                     Conjuration                  1
   b - Blink                          Translocation                2
   c - Call Imp                       Summoning                    2
   d - Slow                           Hexes                        2
   e - Conjure Flame                  Conjuration/Fire             3
   f - Mephitic Cloud                 Conjuration/Poison/Air       3
Comestibles
 d - 4 rations


   Skills:
 - Level 1.5 Dodging
 - Level 1.0 Stealth
 * Level 4.2 Unarmed Combat
 - Level 2.0 Spellcasting
 * Level 3.3 Conjurations
   Level 0.6 Summonings
   Level 0.6 Translocations


You had 5 spell levels left.
You knew the following spells:

 Your Spells              Type           Power        Failure   Level  Hunger
a - Magic Dart            Conj           ##..         5%          1    #......
b - Mephitic Cloud        Conj/Pois/Air  #.......     36%         3    ###....


Dungeon Overview and Level Annotations

Branches:
Dungeon (3/15)

Altars:
Fedhas
Gozag

Annotations:
D:3 Ijyb


Innate Abilities, Weirdness & Mutations

You are too large for most types of armour.
You have claws for hands.
Your metabolism is lightning-fast.
You like to eat raw meat.
Your natural rate of healing is unusually fast.
You are covered in fur. (AC +1)
You have very tough skin. (AC +2)


Message History

Ijyb hits you but does no damage.
You closely miss Ijyb.
Ijyb is moderately wounded.
Ijyb hits you but does no damage.
You barely miss Ijyb.
Ijyb is moderately wounded.
Ijyb zaps a wand.
The bolt of acid hits you! The acid corrodes you!
You are splashed with acid!
The acid burns!
You scratch Ijyb.
Ijyb is moderately wounded.
Things that are here:
7 stones; a leopard gecko corpse Ijyb hits you with a dagger.
Ijyb zaps a wand.
The bolt of acid hits you!
* * * LOW HITPOINT WARNING * * *
You are splashed with acid!
The acid burns!
* * * LOW HITPOINT WARNING * * *
Unknown command.
Ijyb zaps a wand.
The bolt of acid hits you!
You die...

##.##.....# #.######.#
#.# #.# #.# #.# #g#
#.########## #g#
#.......##.# #.#
##.#####_#.#.
#.#####...........#
#.@.....#.##......#
........................
..###########.###......#
#.# #......# #.#
###.#... #.# #.#... #.#
#..... #.# ###...
..########.#


You could see Ijyb and a hobgoblin.

Vanquished Creatures
  Grinder (D:3)
  A gnoll (D:2)
  6 adders
  An ooze (D:2)
  An adder skeleton (D:3)
  A worm (D:2)
  A dart slug (D:1)
  3 leopard geckos
  6 giant cockroaches
  8 goblins
  10 hobgoblins
  2 jackals (D:2)
  3 kobolds
  2 ball pythons (D:1)
  9 bats
  A frilled lizard (D:1)
  5 rats
61 creatures vanquished.

Notes
Turn   | Place    | Note
-------+----------+-------------------------------------------
     0 | D:1      | KristoblXynda the Troll Wizard began the quest for the Orb.
     0 | D:1      | Reached XP level 1. HP: 16/16 MP: 2/2
   156 | D:1      | Reached skill level 1 in Conjurations
   158 | D:1      | Reached skill level 1 in Unarmed Combat
   206 | D:1      | Reached XP level 2. HP: 24/24 MP: 4/4
   531 | D:1      | Reached XP level 3. HP: 31/31 MP: 5/5
   818 | D:2      | Reached skill level 2 in Unarmed Combat
   882 | D:2      | Found a blossoming altar of Fedhas.
  1271 | D:2      | HP: 1/31 [adder (4)]
  1272 | D:2      | Reached XP level 4. HP: 2/39 MP: 6/6
  1276 | D:2      | HP: 1/39 [poisoned by an adder]
  1996 | D:3      | Reached skill level 3 in Unarmed Combat
  2163 | D:3      | Learned a level 3 spell: Mephitic Cloud
  2167 | D:3      | Found an opulent altar of Gozag.
  2187 | D:3      | Noticed Grinder
  2253 | D:3      | Reached XP level 5. HP: 39/45 MP: 7/7
  2265 | D:3      | Paralysed by Grinder for 3 turns
  2270 | D:3      | Killed Grinder
  2270 | D:3      | Reached skill level 4 in Unarmed Combat
  2270 | D:3      | Reached XP level 6. HP: 29/53 MP: 8/8
  2566 | D:3      | Noticed Ijyb
  2613 | D:3      | Killed from afar by Ijyb

Skill      XL: |  1  2  3  4  5 |
---------------+----------------+-----
Conjurations   | 1 2 3 |  3.3
Unarmed Combat | 1 2 3 4 |  4.2
Dodging        | |  1.5
Stealth        | |  1.0
Spellcasting   | |  2.0
Summonings     | |  0.6
Translocations | |  0.6

Action                   |  1- 3 |  4- 6 || total
-------------------------+-------+-------++-------
Melee: Unarmed           |   111 |    95 ||   206
  Use: Scroll            |     1 |     2 ||     3
       Potion            |       |     1 ||     1
 Stab: Sleeping          |     2 |     1 ||     3
  Eat: Chunk             |    17 |    10 ||    27
Armor: Robe              |    44 |    41 ||    85
Dodge: Dodged            |    66 |    37 ||   103
